cohdb
Replays
Latest Replays
All Replays
Popular Replays
Top Player Replays
Match Explorer
How It Works
Community
CoH3 Stats
Reddit
Sign in to upload your games and track your stats! →
Sign in with Steam
Match 47135651
Unlisted
Match 47135651
Overview
Messages
Build Orders
End
Engineer Squad
Construct Barracks
Selects Heavy Weapons
1⁄4-ton 4x4 Truck
Riflemen Squad
Riflemen Squad
Infantry Support Center
Construct Weapon Support Center
Selects Assault Carriers
M3 Assault Carrier
Construct Medical Station
Bazooka Squad
Selects M2HB .50cal Heavy Machine Gun
M1918 Browning Automatic Rifles
Grenade Package
Improved M9 Bazooka Rockets
Demolitions Package
Munitions Surplus
Riflemen Squad
Bazooka Squad
Engineer Squad
Advanced Logistics
Survival Training
Selects Exchangeable Parts
M3 Assault Carrier
M1919 Machine Gun Team
M1919 Machine Gun Team
Selects M26 Pershing Heavy Tank
M26 Pershing Heavy Tank
M3 Assault Carrier
Selects Rapid Reposition
Guziol#
Goodvyn
0
0
Comments
sign in to comment!
No comments posted yet!